 Seeded DCSS version 0.30-a0-457-g4b7bca3bfa (webtiles) character file.

Game seed: 9653979536821995196 (custom seed)

214 purpskrrrp the Skirmisher (level 5, 0/29 HPs)
             Began as a Deep Elf Hunter on Dec 13, 2022.
             Slain by an orc
             ... wielding a +0 whip
              (3 damage)
             ... on level 4 of the Dungeon.
             The game lasted 00:04:58 (2551 turns).

purpskrrrp the Skirmisher (Deep Elf Hunter)         Turns: 2551, Time: 00:04:59

Health: 0/29       AC:  4    Str:  8    XL:     5   Next: 59%
Magic:  7/7        EV: 16    Int: 14    God:
Gold:   162        SH:  0    Dex: 20    Spells: 4/4 levels left

rFire   . . .      SeeInvis .    a - +0 shortbow
rCold   . . .      Faith    .    (shield currently unavailable)
rNeg    . . .      Spirit   .    c - +0 leather armour
rPois   .          Reflect  .    s - +0 helmet
rElec   .          Harm     .    (no cloak)
rCorr   .          Rampage  .    (no gloves)
Will    .....                    (no boots)
Stlth   +++.......               (no amulet)
HPRegen 0.24/turn                l - +4 ring of evasion
MPRegen 0.10/turn                (no ring)

@: studying 2 skills
A: no striking features
a: no special abilities


You were on level 4 of the Dungeon.
You visited 1 branch of the dungeon, and saw 4 of its levels.

You collected 162 gold pieces.

Inventory:

Hand Weapons
 a - a +0 shortbow (weapon)
Missiles
 v - a throwing net
Armour
 c - a +0 leather armour (worn)
 s - a +0 helmet (worn)
Jewellery
 l - a +4 ring of evasion (left hand)
Wands
 o - a wand of iceblast (6)
Scrolls
 b - 2 scrolls of immolation
 d - a scroll of teleportation {unknown}
 e - 2 scrolls of noise {unknown}
 h - 2 scrolls of identify {unknown}
 i - 2 scrolls of enchant weapon {unknown}
 j - a scroll of fear {unknown}
 p - a scroll of magic mapping {unknown}
 q - a scroll of amnesia {unknown}
 r - a scroll of vulnerability {unknown}
 u - a scroll of silence {unknown}
Potions
 f - 3 potions of heal wounds
 g - a potion of curing {unknown}
 k - a potion of might {unknown}
 m - 2 potions of invisibility {unknown}
 n - a potion of degeneration {unknown}
 t - a potion of flight {unknown}
 w - a potion of cancellation {unknown}
 x - a potion of resistance {unknown}


   Skills:
 - Level 1.5 Fighting
 * Level 10.3 Ranged Weapons
 - Level 2.4 Dodging
 + Level 4.2 Stealth


You had 4 spell levels left.
You didn't know any spells.
Your spell library contained the following spells:

 Spells                   Type           Power      Damage    Failure   Level
 Ozocubu's Armour         Ice            0%         N/A       77%         3
 Portal Projectile        Hex/Tloc       0%         N/A       77%         3
 Tukima's Dance           Hex            0%         N/A       77%         3
 Anguish                  Hex/Necr       0%         N/A       99%         4
 Passage of Golubria      Tloc           0%         N/A       99%         4
 Blade Hands              Tmut           0%         N/A       100%        5
 Metabolic Englaciation   Hex/Ice        0%         N/A       100%        5
 Yara's Violent Unravell  Hex/Tmut       0%         3d3       100%        5
 Simulacrum               Ice/Necr       0%         N/A       100%        6
 Enfeeble                 Hex            0%         N/A       100%        7


Dungeon Overview and Level Annotations

Branches:
Dungeon (4/15)
 Temple: D:4-7

Altars:
Qazlal
Xom

Shops:
D:3 *


Message History

Fire: a) +0 shortbow
Press: ? - help, Shift-Dir - straight line, f - iguana
Aim: an iguana (severely wounded, 70% to hit)
You shoot an arrow. The arrow hits the iguana!
You kill the iguana!
Your Stealth skill increases to level 4!
You start resting.
HP restored.
You start waiting.
An orc priest comes into view. It is wielding a +0 club.
You shoot an arrow. The arrow barely misses the orc priest.
You shoot an arrow. The arrow hits the orc priest!
The orc priest is heavily wounded.
You shoot an arrow.
The arrow completely misses the orc priest.
You shoot an arrow. The arrow barely misses the orc priest.
An orc priest comes into view. It is wielding a +0 club.
You shoot an arrow. The orc priest shouts!
The arrow hits the orc priest.
The orc priest is heavily wounded.
You hear a shout!
The orc priest calls upon Beogh to heal the orc priest.
The orc priest is healed somewhat.
An orc comes into view. It is wielding a +0 dagger.
You shoot an arrow. The orc shouts!
The arrow hits the orc priest!
The orc priest is severely wounded.
The orc priest mumbles some strange prayers to Beogh against you.
Beogh smites you!
An orc comes into view. It is wielding a +0 whip.
You shoot an arrow. The arrow barely misses the orc priest.
You shoot an arrow.
The arrow closely misses the orc priest.
The orc priest mumbles some strange prayers to Beogh against you.
Beogh smites you!
* * * LOW HITPOINT WARNING * * *
The orc hits you with a +0 whip.
You die...

#####.##.
#@o......
#o###.##.
.......†....>.<
...............
...#.o#.###.##.
#. #..#o# ..
#..#.# #. ..
... ... ..#


You could see 2 orc priests and 2 orcs.

Vanquished Creatures
  An orc priest (D:3)
  An iguana (D:4)
  Ijyb (D:3)
  An orc wizard (D:3)
  2 adders (D:2)
  A dart slug (D:1)
  8 orcs (D:3)
  8 ball pythons
  6 endoplasms
  5 giant cockroaches
  13 goblins
  2 hobgoblins (D:2)
  3 quokkas
  10 bats
  3 frilled lizards
  6 kobolds
  3 rats (D:3)
74 creatures vanquished.

Notes
Turn   | Place    | Note
-------+----------+-------------------------------------------
     0 | D:1      | purpskrrrp the Deep Elf Hunter began the quest for the Orb.
     0 | D:1      | Reached XP level 1. HP: 12/12 MP: 3/3
   163 | D:1      | Reached skill level 6 in Ranged Weapons
   163 | D:1      | Reached XP level 2. HP: 7/16 MP: 4/4
   711 | D:1      | Identified a scroll of acquirement
   711 | D:1      | Acquired a manual of Ranged Weapons
   758 | D:2      | Reached XP level 3. HP: 20/20 MP: 5/5
   835 | D:2      | Reached skill level 7 in Ranged Weapons
   862 | D:2      | Identified the +10 trident "Isut Mok" {vorpal, Str+4
                  | Stlth+}
   971 | D:2      | Reached skill level 8 in Ranged Weapons
   971 | D:2      | Reached XP level 4. HP: 25/25 MP: 6/6
  1312 | D:2      | Acquired a manual of Stealth
  1369 | D:3      | Noticed Ijyb
  1389 | D:3      | Killed Ijyb
  1392 | D:3      | Reached skill level 9 in Ranged Weapons
  1625 | D:3      | Found a shimmering altar of Xom.
  1626 | D:3      | Found a shimmering altar of Xom.
  1626 | D:3      | Found a shimmering altar of Xom.
  1628 | D:3      | Found a shimmering altar of Xom.
  1628 | D:3      | Found a shimmering altar of Xom.
  1628 | D:3      | Found a shimmering altar of Xom.
  1639 | D:3      | Found Gepsocir's Assorted Antiques.
  1968 | D:3      | Found a stormy altar of Qazlal.
  2022 | D:3      | Reached XP level 5. HP: 13/29 MP: 7/7
  2204 | D:3      | Reached skill level 10 in Ranged Weapons
  2551 | D:4      | Slain by an orc

Illustrated notes

Levels and vault maps discovered:
D:1:      lemuel_arrival_lava_pool, layout_basic
D:2:      cheibrodos_old_hovel, layout_loops_ring
D:3:      kennysheep_the_goblin_king, layout_loops_ring, xom_redecorated,
          nicolae_qazlal_general_emergency, serial_shops, shop,
          kennysheep_flooded_box
D:4:      layout_loops_ring, kennysheep_orc_sif_temple,
          hangedman_decor_peaks_small, hex_medium, minmay_strange_pillars,
          st_stairs_7, hangedman_decor_lopped

Skill      XL: |  1  2  3  4  5 |
---------------+----------------+-----
Ranged Weapons | 6 8 9 10 | 10.3
Stealth        | 3 4 |  4.2
Fighting       | |  1.5
Dodging        | |  2.4

Action                   |  1- 3 |  4- 6 || total
-------------------------+-------+-------++-------
 Fire: Shortbow          |   107 |   110 ||   217
  Use: Scroll            |     1 |     1 ||     2
       Potion            |       |     1 ||     1
Armor: Leather armour    |     3 |     9 ||    12
Dodge: Dodged            |    27 |    45 ||    72

Table legend: (Time is in decaauts)
 A = Elapsed time spent in this place.
 B = Non-inter-level travel time spent in this place.
 C = Inter-level travel time spent in this place.
 D = Time resting spent in this place.
 E = Time spent auto-exploring this place.
 F = Levels seen in this place.
 G = Mean time per level.
                   A        B        C        D        E       F      G
               +--------+--------+--------+--------+--------+-----+--------+
         Total |   2584 |   2486 |     98 |    409 |   1668 |   4 |  646.0 |
       Dungeon |   2584 |   2486 |     98 |    409 |   1668 |   4 |  646.0 |
               +--------+--------+--------+--------+--------+-----+--------+

Top non-repeatable levels by time:
     D:3: 1106 daAuts
     D:1: 749 daAuts
     D:2: 628 daAuts
     D:4: 99 daAuts
